 Dungeon Crawl Stone Soup version 0.28-a0-75-g15dc114455 (webtiles) character file.

Game seed: 16204640799654248085

788142 Feb132020 the Hoplite (level 27, -31/159 HPs)
             Began as a Gargoyle Earth Elementalist on July 30, 2021.
             Was the Champion of Ashenzari.
             Killed from afar by a purple draconian (39 damage)
             ... with a bolt of dispelling energy
             ... on level 2 of the Realm of Zot on Aug 2, 2021.
             The game lasted 08:03:42 (73096 turns).

Feb132020 the Hoplite (GrEE)                       Turns: 73096, Time: 08:03:43

Health: -31/159    AC: 41    Str: 21    XL:     27
Magic:  52/54      EV: 37    Int: 24    God:    Ashenzari [******]
Gold:   7281       SH: 23    Dex: 21    Spells: 20/63 levels left

rFire   + . .      SeeInvis +   D - +11 morningstar of Ashenzari's Disgust {elec, rF+ rN+ Dex-4 Stlth+, Cun, Melee} (curse)
rCold   + . .      Faith    .   S - +4 kite shield of the Tethered Blue Moon {reflect, Elem, Cun} (curse)
rNeg    + + +      Spirit   .   w - +4 ring mail "Share My Urgency" {Regen+ MP+9 Dex+2, Melee, Cun} (curse)
rPois   ∞          Reflect  +   G - +0 hat of the Cryptic Soothsayer {rC+ Int+2 Slay+2, Self, Fort} (curse)
rElec   +          Harm     .   Z - +2 cloak of the Cosmic Jealousy {Will+, Melee, Fort} (curse)
rCorr   +          Rampage  .   C - +2 pair of gloves "Prescient Lifelessness" {Dex+3, Melee, Cun} (curse)
Will    ++++.      Clarity  +   M - +2 pair of boots "Cursed With Me" {Fly, Elem, Bglg} (curse)
Stlth   ++++++++++              n - amulet "Cosmic Mistrust" {RegenMP rN+ Str+3, Elem, Self} (curse)
HPRegen 1.36/turn               t - ring of the Chained Fetters {Will+ rCorr Int+6 Dex+5, Elem, Bglg} (curse)
MPRegen 0.59/turn               L - ring of the Hare {EV+8, Melee, Elem} (curse)

@: flying, slowed, very slow
A: sickness immunity, AC +20, big wings, negative energy resistance 1,
electricity resistance, torment resistance 1, petrification resistance, horns 1,
berserk 1, deformed body, dopey 1, frail 2, sense surroundings 1, MP-powered
wands
}: 5/15 runes: decaying, silver, iron, abyssal, gossamer
a: Renounce Religion, Shatter the Chains


You were on level 2 of the Realm of Zot.
You worshipped Ashenzari.
Ashenzari was exalted by your worship.
You visited 13 branches of the dungeon, and saw 58 of its levels.
You visited the Abyss 1 time.
You also visited: Trove, Sewer, Bailey and Ice Cave.

You collected 12854 gold pieces.
You spent 5573 gold pieces at shops.

Inventory:

Hand Weapons
 D - the cursed +11 morningstar of Ashenzari's Disgust (weapon) {elec, rF+ rN+ Dex-4 Stlth+, Cun, Melee}
   (You bought it in a shop on level 6 of the Dungeon)

   It occasionally discharges a powerful burst of electricity upon striking a
   foe.
   Dex:       It affects your dexterity (-4).
   rF:        It protects you from fire.
   rN:        It protects you from negative energy.
   Stlth:     It makes you more stealthy.
   It has a curse which improves the following skills: Cunning: Dodging and
   Stealth.
   Melee Combat: Short Blades, Long Blades, Axes, Maces & Flails, Polearms,
   Staves and Unarmed Combat.
Missiles
 c - 1366 stones
Armour
 p - a +2 tower shield of fire resistance
 w - the cursed +4 ring mail "Share My Urgency" (worn) {Regen+ MP+9 Dex+2, Melee, Cun}
   (You bought it in a shop on level 2 of the Elven Halls)

   Dex:       It affects your dexterity (+2).
   MP:        It affects your magic capacity (+9).
   Regen:     It increases your rate of health regeneration.
   It has a curse which improves the following skills: Melee Combat: Short
   Blades, Long Blades, Axes, Maces & Flails, Polearms, Staves and Unarmed
   Combat.
   Cunning:   Dodging and Stealth.
 C - the cursed +2 pair of gloves "Prescient Lifelessness" (worn) {Dex+3, Melee, Cun}
   (You found it on level 13 of the Dungeon)

   It has a curse which improves the following skills: Melee Combat: Short
   Blades, Long Blades, Axes, Maces & Flails, Polearms, Staves and Unarmed
   Combat.
   Cunning:   Dodging and Stealth.
 G - the cursed +0 hat of the Cryptic Soothsayer (worn) {rC+ Int+2 Slay+2, Self, Fort}
   (You found it on level 7 of the Dungeon)

   Int:       It affects your intelligence (+2).
   Slay:      It affects your accuracy & damage with ranged weapons and melee
   (+2).
   rC:        It protects you from cold.
   It has a curse which improves the following skills: Introspection: Fighting
   and Spellcasting.
   Fortitude: Armour and Shields.
 M - the cursed +2 pair of boots "Cursed With Me" (worn) {Fly, Elem, Bglg}
   (You bought it in a shop on level 4 of the Vaults)

   It has a curse which improves the following skills: Elements: Fire Magic, Ice
   Magic, Air Magic and Earth Magic.
   Beguiling: Conjurations, Hexes and Translocations.
 R - the +4 skin of Zhor {*Englaciate rC+++ SInv}
   (You found it on level 7 of the Iron City of Dis)

   It radiates cold, occasionally slowing all nearby creatures who are not
   resistant to cold.
   rC:        It renders you almost immune to cold.
   SInv:      It lets you see invisible.
 S - the cursed +4 kite shield of the Tethered Blue Moon (worn) {reflect, Elem, Cun}
   (You took it off Donald on level 3 of the Vaults)

   It has a curse which improves the following skills: Elements: Fire Magic, Ice
   Magic, Air Magic and Earth Magic.
   Cunning:   Dodging and Stealth.
 Z - the cursed +2 cloak of the Cosmic Jealousy (worn) {Will+, Melee, Fort}
   (You found it on level 10 of the Dungeon)

   It has a curse which improves the following skills: Melee Combat: Short
   Blades, Long Blades, Axes, Maces & Flails, Polearms, Staves and Unarmed
   Combat.
   Fortitude: Armour and Shields.
Jewellery
 j - the ring of the Cockatrice {Str+6 Dex+2 Stlth+}
   (You found it in a treasure trove)

   [ring of strength]

   Str:       It affects your strength (+6).
   Dex:       It affects your dexterity (+2).
   Stlth:     It makes you more stealthy.
 m - a ring of protection from fire
 n - the cursed amulet "Cosmic Mistrust" (around neck) {RegenMP rN+ Str+3, Elem, Self}
   (You found it in a treasure trove)

   [amulet of magic regeneration]

   It increases your rate of magic regeneration.
   Str:       It affects your strength (+3).
   rN:        It protects you from negative energy.
   It has a curse which improves the following skills: Elements: Fire Magic, Ice
   Magic, Air Magic and Earth Magic.
   Introspection: Fighting and Spellcasting.
 t - the cursed ring of the Chained Fetters (left hand) {Will+ rCorr Int+6 Dex+5, Elem, Bglg}
   (You bought it in a shop on level 2 of the Orcish Mines)

   [ring of willpower]

   Int:       It affects your intelligence (+6).
   Dex:       It affects your dexterity (+5).
   rCorr:     It protects you from acid and corrosion.
   Will:      It increases your willpower.
   It has a curse which improves the following skills: Elements: Fire Magic, Ice
   Magic, Air Magic and Earth Magic.
   Beguiling: Conjurations, Hexes and Translocations.
 L - the cursed ring of the Hare (right hand) {EV+8, Melee, Elem}
   (You took it off Sonja on level 2 of the Lair of Beasts)

   [ring of evasion]

   EV:        It affects your evasion (+8).
   It has a curse which improves the following skills: Melee Combat: Short
   Blades, Long Blades, Axes, Maces & Flails, Polearms, Staves and Unarmed
   Combat.
   Elements:  Fire Magic, Ice Magic, Air Magic and Earth Magic.
 Q - the amulet of Twilight {Reflect rF+ rC+ SH+5}
   (You found it on level 7 of the Iron City of Dis)

   [amulet of reflection]

   It reflects blocked missile attacks.
   rF:        It protects you from fire.
   rC:        It protects you from cold.
   SH:        It affects your SH (+5).
Wands
 u - a wand of acid (40)
 z - a wand of mindburst (59)
 A - a wand of iceblast (112)
 H - a wand of flame (129)
 O - a wand of digging (45)
Scrolls
 a - 17 scrolls of teleportation
 b - 4 scrolls of summoning
 f - 2 scrolls of enchant armour
 g - 12 scrolls of fear
 h - 9 scrolls of fog
 v - 2 scrolls of silence
 E - 3 scrolls of holy word
 F - 6 scrolls of magic mapping
 K - 9 scrolls of blinking
Potions
 d - 29 potions of curing
 e - 4 potions of magic
 i - 3 potions of haste
 k - 4 potions of resistance
 o - 3 potions of might
 s - 7 potions of invisibility
 x - 14 potions of heal wounds
 B - 12 potions of brilliance
 J - 6 potions of ambrosia
 X - 8 potions of cancellation
Miscellaneous
 l - a condenser vane
 q - a box of beasts
 r - a phantom mirror
 y - a tin of tremorstones (2/2)
 I - a phantom mirror
 N - the horn of Geryon
 P - a phantom mirror
 V - a phial of floods


   Skills:
 - Level 23.9(27) Fighting
 - Level 21.1(27) Maces & Flails
 + Level 10.9(15.1) Armour
 + Level 18.9(24.8) Dodging
 + Level 19.0(24.9) Stealth
 - Level 24.2(27) Shields
 + Level 14.9(18.9) Spellcasting
 + Level 12.8(16.9) Conjurations
 + Level 1.3(4.1) Hexes
 + Level 2.7(6.4) Translocations
 + Level 7.8 Transmutations
 + Level 9.3(17.0) Fire Magic
 + Level 1.4(6.3) Air Magic
 + Level 14.7(22.1) Earth Magic
 + Level 1.7 Poison Magic
 + Level 4.0 Evocations


You had 20 spell levels left.
You knew the following spells:

 Your Spells              Type           Power      Damage    Failure   Level
a - Sandblast             Erth           100%       2d20      0%          1
b - Stone Arrow           Conj/Erth      100%       3d13      0%          3
c - Mephitic Cloud        Conj/Pois/Air  58%        N/A       1%          3
d - Iskenderun's Mystic   Conj/Tloc      68%        2d14      1%          4
e - Petrify               Tmut/Erth      76%        N/A       1%          4
f - Magic Dart            Conj           100%       1d8       0%          1
g - Passage of Golubria   Tloc           N/A        N/A       1%          4
h - Starburst             Conj/Fire      40%        8x6d12    1%          6
l - Lee's Rapid Deconstr  Erth           46%        3d23*     0%          5
m - Bolt of Magma         Conj/Fire/Erth 42%        4d18      1%          5
p - Passwall              Tmut/Erth      63%        N/A       0%          2
A - Apportation           Tloc           100%       N/A       1%          1
B - Blink                 Tloc           N/A        N/A       1%          2
W - Wereblood             Tmut           57%        N/A       1%          2

Your spell library contained the following spells:

 Spells                   Type           Power      Damage    Failure   Level
 Foxfire                  Conj/Fire      100%       2x1d9     0%          1
 Searing Ray              Conj           100%       3d7       0%          2
 Conjure Flame            Conj/Fire      81%        6-21      0%          3
 Beastly Appendage        Tmut           100%       N/A       1%          1
 Corona                   Hex            46%        N/A       1%          1
 Sting                    Tmut/Pois      100%       1d8       1%          1
 Corpse Rot               Necr/Air       N/A        N/A       1%          2
 Ensorcelled Hibernation  Hex/Ice        70%        N/A       1%          2
 Slow                     Hex            42%        N/A       1%          2
 Confusing Touch          Hex            42%        N/A       1%          3
 Dazzling Flash           Conj/Hex       100%       N/A       1%          3
 Gell's Gravitas          Tloc           26%        N/A       1%          3
 Ignite Poison            Fire/Tmut/Pois 60%        N/A       1%          3
 Inner Flame              Hex/Fire       65%        N/A       1%          3
 Lesser Beckoning         Tloc           26%        N/A       1%          3
 Portal Projectile        Hex/Tloc       96%        N/A       1%          3
 Spider Form              Tmut/Pois      22%        N/A       1%          3
 Swiftness                Air            52%        N/A       1%          3
 Teleport Other           Tloc           52%        N/A       1%          3
 Animate Armour           Summ/Erth      100%       N/A       1%          4
 Fulminant Prism          Conj/Hex       32%        3d16      1%          4
 Borgnjor's Vile Clutch   Necr/Erth      33%        N/A       1%          5
 Fireball                 Conj/Fire      40%        3d16      1%          5
 Lightning Bolt           Conj/Air       34%        1d51      1%          5
 Airstrike                Air            26%        N/A       2%          4
 Freezing Cloud           Conj/Ice/Air   29%        6-21      2%          5
 Animate Skeleton         Necr           44%        N/A       3%          1
 Pain                     Necr           88%        1d8       3%          1
 Summon Small Mammal      Summ           88%        N/A       3%          1
 Summon Guardian Golem    Hex/Summ       32%        N/A       3%          3
 Blade Hands              Tmut           28%        N/A       3%          5
 Conjure Ball Lightning   Conj/Air       34%        3x3d11    3%          6
 Call Imp                 Summ           22%        N/A       4%          2
 Ice Form                 Ice/Tmut       44%        N/A       4%          4
 Ozocubu's Armour         Ice            28%        N/A       5%          3
 Cause Fear               Hex            21%        N/A       5%          4
 Manifold Assault         Tloc           52%        N/A       6%          5
 Lehudib's Crystal Spear  Conj/Erth      43%        10d10     6%          8
 Yara's Violent Unravell  Hex/Tmut       25%        3d11      7%          5
 Call Canine Familiar     Summ           22%        N/A       9%          3
 Vampiric Draining        Necr           11%        2d7       9%          3
 Summon Lightning Spire   Summ/Air       37%        N/A       9%          4
 Silence                  Hex/Air        23%        N/A       10%         5
 Alistair's Intoxication  Tmut/Pois      30%        N/A       12%         5
 Ignition                 Fire           40%        3d12      17%         8
 Summon Ice Beast         Ice/Summ       25%        N/A       22%         4
 Summon Forest            Summ/Tloc      19%        N/A       22%         5
 Metabolic Englaciation   Hex/Ice        17%        N/A       26%         5
 Animate Dead             Necr           11%        N/A       30%         4
 Dispel Undead            Necr           22%        3d12      30%         4
 Summon Mana Viper        Hex/Summ       32%        N/A       34%         5
 Shatter                  Erth           46%        3d35*     34%         9
 Eringya's Noxious Bog    Tmut/Pois      22%        N/A       54%         6
 Agony                    Necr           22%        N/A       63%         5
 Excruciating Wounds      Necr           11%        N/A       63%         5
 Invisibility             Hex            21%        N/A       63%         6
 Dragon Form              Tmut           28%        N/A       71%         7
 Storm Form               Tmut/Air       27%        N/A       80%         7
 Fire Storm               Conj/Fire      40%        8d10      95%         9
 Simulacrum               Ice/Necr       12%        N/A       98%         6
 Death Channel            Necr           11%        N/A       99%         6
 Shadow Creatures         Summ           N/A        N/A       99%         6
 Malign Gateway           Summ/Tloc      19%        N/A       100%        7
 Ozocubu's Refrigeration  Ice            14%        4d7       100%        7
 Summon Hydra             Summ           11%        N/A       100%        7
 Borgnjor's Revivificati  Necr           11%        N/A       100%        8
 Discord                  Hex            21%        N/A       100%        8
 Disjunction              Tloc           26%        N/A       100%        8
 Infestation              Necr           11%        N/A       100%        8
 Maxwell's Capacitive Co  Air            26%        ∞         100%        8
 Summon Horrible Things   Summ           11%        N/A       100%        8
 Chain Lightning          Conj/Air       34%        3d45      100%        9
 Death's Door             Necr           11%        N/A       100%        9
 Dragon's Call            Summ           11%        N/A       100%        9
 Polar Vortex             Ice            14%        N/A       100%        9
 Statue Form              Tmut/Erth      Unusable   N/A       N/A         6
 Sublimation of Blood     Necr           Unusable   N/A       N/A         2

Dungeon Overview and Level Annotations

Branches:
Dungeon (15/15)            Temple (1/1) D:5            Lair (6/6) D:9
  Swamp (4/4) Lair:2       Spider (4/4) Lair:2        Slime (0/5) Lair:6
    Orc (2/2) D:12            Elf (3/3) Orc:2        Vaults (5/5) D:14
  Crypt (3/3) Vaults:2       Tomb (0/3) Crypt:3      Depths (5/5) D:15
   Hell (visited)             Dis (7/7) Hell            Geh (0/7) Hell
    Coc (0/7) Hell            Tar (0/7) Hell            Zot (2/5) Depths:5
  Sewer (visited)          Bailey (visited)           IceCv (visited)

Altars:
Ashenzari
Cheibriados
Dithmenos
Elyvilon
Fedhas
Gozag
Hepliaklqana
Kikubaaqudgha
Makhleb
Nemelex Xobeh
Okawaru
Qazlal
Ru
Sif Muna
Trog
Uskayaw
Vehumet
Wu Jian
Xom
Yredelemnul
Zin
The Shining One
Beogh
Jiyva

Shops:
D:4 ?   D:6 (   Orc:1 =?:[   Orc:2 *(=[   Elf:2 [*[   Vaults:3 :   Vaults:4 [?:
Depths:1 :[:(   Depths:5 [

Portals:
Hell: Depths:1 Depths:2 Depths:3 Depths:4 Depths:5
Abyss: Depths:1 Depths:3 Depths:4 Depths:5
Pandemonium: Depths:3
Ziggurat: Depths:3

Annotations:
Lair:3 exclusion: 4 oklob plants
Elf:2 3 runed translucent doors
Dis:7 Dispater


Innate Abilities, Weirdness & Mutations

You are immune to sickness and miasma.
Your stone body is resilient. (AC +20)
You are immune to poison.
Your large and strong wings let you fly.
You resist negative energy. (rN+)
You are resistant to electric shocks. (rElec)
You are resistant to unholy torment.
You are immune to petrification.
You have a pair of small horns on your head.
You tend to lose your temper in combat.
Armour fits poorly on your strangely shaped body.
You are dopey. (Int -2)
You are very frail. (-20% HP)
You passively map a small area around you.
You expend magic power (3 MP) to strengthen your wands.


Message History

You block the quicksilver dragon's attack.
The storm dragon closely misses you. You block the storm dragon's attack.
The storm dragon misses you. The quicksilver dragon bites you.
* * * LOW HITPOINT WARNING * * *
The quicksilver dragon completely misses you.
The death cob is engulfed in blazing flames.
The death cob completely misses you.
The golden dragon completely misses you.
The golden dragon misses you. The golden dragon tramples you.
* * * LOW HITPOINT WARNING * * *
You hold your ground!
The quicksilver dragon completely misses you. x2
The tentacled monstrosity tentacle-slaps you!
* * * LOW HITPOINT WARNING * * *
The tentacled monstrosity tentacle-slaps you but does no damage.
The tentacled monstrosity completely misses you.
The tentacled monstrosity grabs you.
You stop ascending the stairs.
The tentacled monstrosity constricts you.
A moth of wrath comes into view.
The tentacled monstrosity completely misses you.
The tentacled monstrosity tentacle-slaps you but does no damage.
You block the tentacled monstrosity's attack.
The quicksilver dragon bites you but does no damage.
The quicksilver dragon completely misses you.
The moth of wrath angrily waves its antennae.
The death cob is engulfed in blazing flames.
The death cob hits you but does no damage.
You hear a roar!
Blink to where?
Press: ? - help, Dir - move target You escape the tentacled monstrosity's grasp.
As you read the scroll of blinking, it crumbles to dust.
A purple draconian, a draconian monk, a draconian annihilator and a draconian knight come into view.
The black draconian knight is wielding a +3 great mace of protection.
The purple draconian annihilator breathes dispelling energy at you.
The bolt of dispelling energy hits you but does no damage.
Your magical effects are unravelling.
The purple draconian breathes dispelling energy at you.
The bolt of dispelling energy hits you!!!
You die...

** * , ###..# *,* **
......# *, * .......####
,, * * ..........##
#.#,..... ,
...........###.# .....,
...............##....#**
........##.......q...# * *
.......@#D...f........* *
**,............yX8..p....*
, ,,
..........d8..XDy8.... ,
,,
....q.....DDz.X.Df...#*,
,,, ...........dqDD.q.....
, ...q...Dy.8D<.8Dy.8...
*****
...qd.........y..z.... * *
* ***
*......y⌠......<...°..#
,**, , , ,....8....y8...#


You could see 3 tentacled monstrosities, 2 draconians, a black draconian knight,
3 golden dragons, 3 storm dragons, a green draconian (berserk), a purple
draconian (catching breath), a white draconian (berserk), a death cob, a
quicksilver dragon (berserk), a purple draconian annihilator (catching breath)
and 4 moths of wrath.

Vanquished Creatures
  Khufu (Crypt:3)
  3 dread liches
  Mara (Crypt:2)
  The ghost of Egicwurue the Sorcerer, a veteran DrCj of Vehumet (Depths:3)
  Mennas (Depths:4)
  6 juggernauts
  2 royal mummies (Crypt:3)
  Saint Roka (Orc:2)
  Margery (Vaults:4)
  Bai Suzhen (Crypt:3)
  Geryon (Hell)
  A caustic shrike (Depths:4)
  4 golden dragons
  Arachne (Spider:4)
  The ghost of mora the Tortoise, an adept FoFi of Gozag (Elf:3)
  5 bone dragons
  4 Brimstone Fiends
  5 iron giants
  A Tzitzimitl (Dis:5)
  13 tentacled monstrosities
  9 Hell Sentinels
  Rupert (D:14)
  5 Ice Fiends
  8 liches
  8 titans
  7 quicksilver dragons
  3 deep elf master archers (Elf:3)
  8 deep elf blademasters
  3 death cobs (Zot:1)
  12 ancient champions
  6 Executioners
  Kirke (Swamp:3)
  2 sphinxes
  6 shadow dragons
  5 tengu reavers
  4 thorn hunters
  4 storm dragons
  A draconian monk (Abyss:5)
  Roxanne (Spider:4)
  7 tentacled starspawn
  Donald (Vaults:3)
  10 fire giants
  9 frost giants
  4 ghost moths (Spider:4)
  10 vault wardens
  A revenant (Hell)
  A draconian knight (Depths:5)
  9 deep elf sorcerers
  8 emperor scorpions
  Aizul (Vaults:3)
  2 cacodemons
  13 iron dragons
  The ghost of Rokh the Carver, a journeyman DsFi of Okawaru (Spider:3)
  4 balrugs
  2 curse skulls
  2 ghouls
  A draconian shifter (Zot:1)
  3 spriggan defenders
  A deep elf elementalist (Elf:3)
  33 reapers
  4 orc warlords
  27 war gargoyles
  24 very ugly things
  2 draconian stormcallers (Depths:5)
  20 ironbound preservers
  7 deep elf demonologists
  2 black draconians (Zot:1)
  5 vampire knights
  4 green draconians
  14 stone giants
  A yellow draconian (Zot:1)
  2 white draconians (Depths:5)
  2 lorocyprocas
  10 bunyips
  8 deep elf annihilators (Elf:3)
  4 entropy weavers
  4 spark wasps
  4 red draconians
  4 blizzard demons
  22 ettins
  2 eleionomae
  10 fire dragons
  9 deep elf death magi
  14 jiangshi
  Josephine (D:11)
  4 deep elf high priests
  17 yaktaur captains
  A merfolk impaler (Depths:4)
  3 great orbs of eyes
  4 green deaths
  3 eidola
  5 quicksilver dragon zombies
  A shambling mangrove (Abyss:5)
  A naga warrior (Abyss:5)
  Erolcha (D:9)
  7 ironbound thunderhulks
  9 rakshasas
  A quicksilver dragon skeleton (Crypt:3)
  14 ice dragons
  36 hydras
  29 vault guards
  25 centaur warriors
  4 ogre magi
  5 ghost crabs
  Harold (Lair:2)
  3 catoblepae
  7 ironbound frosthearts
  6 boulder beetles
  A spriggan air mage (Depths:2)
  2 hell beasts
  7 alligators
  4 death knights
  14 hell hogs
  16 two-headed ogres
  11 deep troll earth magi
  A satyr (Abyss:5)
  11 deep troll shamans
  3 orc high priests
  12 death yaks
  11 tengu warriors
  17 dancing weapons
  5 ironbound beastmasters
  Urug (Lair:2)
  8 spriggan berserkers
  4 soul eaters
  Sonja (Lair:2)
  19 thrashing horrors
  7 vampire magi
  5 deep elf knights
  2 titan zombies (Dis:7)
  2 storm dragon zombies
  Nergalle (Lair:2)
  8 hell knights
  7 iron golems
  9 wretched stars
  A fire crab (shapeshifter) (D:14)
  3 titan skeletons
  2 sun demons (Depths:5)
  5 shadow wraiths
  113 skeletal warriors
  A salamander mystic (Depths:3)
  19 iron trolls
  2 death drakes
  7 anaconda zombies
  83 deep trolls
  5 golden dragon zombies
  4 sixfirhies
  2 shadow demons
  7 flayed ghosts
  2 storm dragon skeletons (Crypt:3)
  6 spriggan druids
  6 spatial maelstroms
  8 glowing orange brains
  6 goliath frogs
  7 deep elf archers
  2 ghost moth zombies
  5 bog bodies
  9 phantasmal warriors
  2 anaconda skeletons
  14 starcursed masses (Abyss:5)
  12 wizards
  9 lindwurms
  10 swamp dragons
  7 necromancers
  22 orb spiders
  3 harpies (Depths:3)
  9 orc knights
  3 shadow dragon zombies
  An iron dragon zombie (Dis:4)
  2 wolf spider zombies
  15 deep elf zephyrmancers
  23 deep elf pyromancers
  19 ironbound convokers
  4 stone giant zombies
  5 worldbinders (Abyss:5)
  20 large abominations
  A golden dragon skeleton (Crypt:3)
  12 orc sorcerers
  15 cyclopes
  A shadow dragon skeleton (Crypt:3)
  2 iron dragon skeletons (Crypt:3)
  24 wolf spiders
  3 dire elephant zombies
  5 fire giant zombies
  11 manticores
  An eleionoma zombie (Crypt:3)
  3 salamanders (Depths:3)
  A shock serpent zombie (Crypt:2)
  72 ugly things
  7 will-o-the-wisps
  8 moths of wrath
  2 fire giant skeletons
  2 ice statues
  2 water nymphs (Abyss:5)
  2 guardian serpents (Abyss:5)
  58 rust devils
  A naga mage (Abyss:5)
  7 black mambas
  2 stone giant skeletons
  A water nymph (shapeshifter) (D:15)
  9 cane toads
  15 smoke demons
  15 vault sentinels
  An apocalypse crab (Abyss:5)
  4 torpor snails
  An emperor scorpion zombie (Dis:4)
  An eye of devastation (shapeshifter) (Depths:2)
  3 molten gargoyles (Hell)
  A gargoyle (D:11)
  A titan simulacrum (Depths:1)
  An alligator snapping turtle skeleton (Crypt:3)
  3 spriggan zombies
  15 hellions
  A dire elephant skeleton (Crypt:3)
  5 kobold demonologists
  4 rime drakes
  15 yaktaurs
  20 tormentors
  8 komodo dragons
  5 efreet
  4 tengu conjurers
  3 unseen horrors (shapeshifter)
  6 unseen horrors
  A pale draconian skeleton (Crypt:2)
  20 ice devils
  21 demonic crawlers
  An elf skeleton (Depths:1)
  A white draconian skeleton (Crypt:2)
  An entropy weaver simulacrum (IceCv)
  16 freezing wraiths
  A sea snake zombie (Hell)
  4 guardian mummies (Crypt:3)
  9 red devils
  9 ancient zymes
  A catoblepas skeleton (Dis:3)
  5 bloated husks
  7 hydra zombies
  2 meliai
  41 jumping spiders
  5 trolls
  A harpy zombie (Dis:6)
  30 hornets
  2 jumping spiders (shapeshifter)
  6 tyrant leeches
  3 polar bears
  A hornet (shapeshifter) (D:14)
  A meliai zombie (Crypt:1)
  16 blink frogs
  34 raiju
  45 slime creatures
  4 dream sheep
  2 ettin zombies
  A jumping spider zombie (Crypt:1)
  A snapping turtle (shapeshifter) (Abyss:5)
  3 fire dragon zombies
  2 alligator zombies (Dis:6)
  2 ice dragon zombies
  13 small abominations
  3 alligator skeletons
  20 flying skulls
  96 redbacks
  A tarantella (shapeshifter) (D:15)
  3 ettin skeletons (Crypt:3)
  36 spriggans
  38 tarantellas
  2 dire elephant simulacra (IceCv)
  52 yaks
  A ynoxinul (Abyss:4)
  3 ice dragon skeletons
  7 water elementals
  5 wyverns
  24 wraiths
  4 shadows
  3 air elementals
  2 hogs (Swamp:3)
  A fire dragon skeleton (Crypt:3)
  6 basilisks
  4 fire bats (Abyss:1)
  3 fire elementals
  7 neqoxecs
  13 humans (D:14)
  An elf simulacrum (Depths:3)
  7 chaos spawn
  A monstrous demonspawn zombie (Crypt:1)
  3 steam dragons
  2 harpy simulacra (IceCv)
  9 vampire mosquitoes
  A swamp worm (shapeshifter) (Vaults:5)
  9 spatial vortices
  6 wargs
  20 swamp worms
  A hydra simulacrum (Hell)
  3 acid dragons
  A faun zombie (Crypt:2)
  7 water moccasins
  36 hell hounds
  A deep troll skeleton (Crypt:3)
  A gelid demonspawn skeleton (Crypt:3)
  A human skeleton (Depths:3)
  10 swamp drakes
  5 cane toad zombies
  A floating eye (Depths:3)
  59 orc warriors
  6 black bears
  3 ice beasts
  A sky beast (shapeshifter) (Depths:4)
  2 cane toad skeletons
  4 necrophages
  5 boggarts
  29 wolves
  A sky beast (D:7)
  12 centaurs
  17 ogres
  A swamp dragon zombie (Dis:5)
  3 snapping turtle zombies
  A snapping turtle skeleton (Crypt:3)
  A torpor snail zombie (Crypt:1)
  2 phantoms
  5 kobold brigands
  7 bullfrogs
  A rime drake skeleton (Crypt:1)
  A scorpion (D:7)
  3 earth elementals
  A cane toad simulacrum (IceCv)
  6 two-headed ogre simulacra (IceCv)
  A yaktaur skeleton (Crypt:3)
  A hornet simulacrum (D:14)
  A water moccasin skeleton (D:6)
  10 killer bees
  A troll zombie (Dis:5)
  3 elephant simulacra (IceCv)
  35 wights
  2 spriggan skeletons
  3 howler monkeys
  A troll skeleton (Crypt:1)
  3 electric eels
  6 centaur zombies
  3 bullfrog zombies (D:5)
  5 hounds (D:5)
  3 human zombies
  18 orc priests
  4 jellies
  32 iron imps
  2 centaur skeletons (D:7)
  2 iguanas
  28 orc wizards
  3 polar bear simulacra (IceCv)
  5 troll simulacra (IceCv)
  8 spriggan simulacra (IceCv)
  3 wolf simulacra (IceCv)
  An acid dragon zombie (Crypt:1)
  2 hound zombies (D:5)
  8 mummies
  A hound skeleton (D:4)
  2 howler monkey zombies
  Robin (D:3)
  7 gnolls
  4 river rats (Sewer)
  12 adders
  2 naga simulacra (IceCv)
  A river rat (shapeshifter) (Depths:5)
  A steam dragon skeleton (Crypt:3)
  4 white imps
  10 ufetubi
  5 worms
  2 dart slugs
  73 orcs
  11 endoplasms
  4 giant cockroaches
  15 goblins
  10 hobgoblins
  17 jackals
  5 quokkas
  13 ball pythons
  A ball python skeleton (Crypt:1)
  6 bats
  8 frilled lizards
  A gnoll zombie (Crypt:3)
  A goblin zombie (Crypt:2)
  A hobgoblin zombie (Crypt:3)
  48 kobolds
  A kobold zombie (Dis:4)
  28 rats
  3 briar patches (Swamp:1)
3157 creatures vanquished.

Vanquished Creatures (collateral kills)
  A reaper (Hell)
  A smoke demon (Hell)
2 creatures vanquished.

Vanquished Creatures (others)
  7 quicksilver oozes (Depths:3)
  A deep elf demonologist (Abyss:5)
  A hell hog (Dis:5)
  A deep elf knight (Elf:3)
  2 deep elf archers (Elf:3)
  3 deep elf zephyrmancers
  An ice devil (Dis:7)
  4 bloated husks
  A hornet (Swamp:3)
  7 slime creatures (Depths:3)
  An air elemental (Elf:3)
  A spriggan (Swamp:2)
  3 humans (Swamp:3)
  A chaos spawn (Abyss:5)
  A swamp drake (Swamp:4)
  A howler monkey (D:11)
  2 bushes (Abyss:5)
  31 foxfires
  38 fungi
  2 lurking horrors (Abyss:5)
  79 plants
  17 starspawn tentacles
205 creatures vanquished.

Grand Total: 3364 creatures vanquished

Notes
Turn   | Place    | Note
-------+----------+-------------------------------------------
     0 | D:1      | Feb132020 the Gargoyle Earth Elementalist began the quest
                  | for the Orb.
     0 | D:1      | Reached XP level 1. HP: 10/10 MP: 3/3
   171 | D:1      | Reached XP level 2. HP: 15/15 MP: 1/5
   179 | D:1      | Learned a level 2 spell: Passwall
   694 | D:1      | Reached XP level 3. HP: 19/19 MP: 3/6
   698 | D:1      | Learned a level 3 spell: Stone Arrow
  1234 | D:1      | Found a faded altar of an unknown god.
  1513 | D:2      | Found an ornate altar of the Wu Jian Council.
  1692 | D:2      | Reached XP level 4. HP: 11/24 MP: 4/8
  1906 | D:2      | Reached skill level 1 in Conjurations
  3285 | D:3      | Reached XP level 5. HP: 21/28 MP: 0/9
  3326 | D:3      | Reached skill level 1 in Maces & Flails
  3813 | D:3      | Found a faded altar of an unknown god.
  3814 | D:3      | Found a faded altar of an unknown god.
  3814 | D:3      | Found a faded altar of an unknown god.
  3816 | D:3      | Found a faded altar of an unknown god.
  3816 | D:3      | Found a hazy altar of Hepliaklqana.
  4053 | D:3      | Noticed Robin
  4092 | D:3      | Killed Robin
  4792 | D:4      | Found a radiant altar of Vehumet.
  5175 | D:4      | Reached XP level 6. HP: 32/33 MP: 10/10
  5268 | D:4      | Found Vuykliwk's Magic Scroll Boutique.
  5425 | D:5      | Entered Level 5 of the Dungeon
  5425 | D:5      | Noticed an ice beast
  5458 | D:5      | Killed an ice beast
  5459 | D:5      | Reached skill level 1 in Fighting
  5459 | D:5      | Reached skill level 1 in Shields
  5459 | D:5      | Reached skill level 5 in Earth Magic
  5486 | D:5      | Reached XP level 7. HP: 38/38 MP: 5/11
  5509 | D:5      | Found a white marble altar of Elyvilon.
  5630 | D:5      | Found a glowing drain.
  5645 | Sewer    | Entered a sewer
  6764 | D:4      | Bought a scroll of identify for 20 gold pieces
  6998 | D:5      | Found a staircase to the Ecumenical Temple.
  7007 | Temple   | Entered the Ecumenical Temple
  7107 | Temple   | Became a worshipper of Ashenzari the Shackled
  7406 | D:5      | Reached skill level 2 in Shields
  7406 | D:5      | Reached XP level 8. HP: 39/44 MP: 13/13
  7660 | D:5      | Identified a scroll of acquirement
  7663 | D:5      | Acquired 1156 gold pieces
  7703 | D:5      | Found an ornate altar of the Wu Jian Council.
  7709 | D:5      | Identified the +6 falchion of Quafiagu {vamp, Contam +Blink
                  | rPois Str+3}
  8163 | D:6      | Found Pemm's Weapon Emporium.
  8202 | D:6      | Bought the +11 morningstar of Growth {elec, rF+ rN+ Dex-4
                  | Stlth+} for 1086 gold pieces
  8849 | D:7      | Reached skill level 5 in Conjurations
  8849 | D:7      | Reached XP level 9. HP: 46/49 MP: 15/15
  8966 | D:7      | Reached skill level 1 in Armour
  9305 | D:7      | Noticed a cyclops
  9306 | D:7      | Identified the Catalogue of Moulding
  9718 | D:7      | Identified the +0 hat of Bugel {rC+ Int+2 Slay+2}
  9723 | D:7      | Reached skill level 5 in Maces & Flails
 10002 | D:7      | Noticed a cyclops
 10686 | D:8      | Reached skill level 3 in Shields
 10765 | D:8      | Reached XP level 10. HP: 56/56 MP: 6/16
 10839 | D:8      | Found a bloodstained altar of Trog.
 11324 | D:9      | Reached skill level 5 in Spellcasting
 11665 | D:9      | Found a staircase to the Lair.
 11704 | D:9      | Reached * piety under Ashenzari
 11846 | D:9      | Noticed Erolcha
 11860 | D:9      | Reached skill level 5 in Stealth
 12011 | D:9      | Noticed a skeletal warrior
 12014 | D:9      | Reached skill level 5 in Armour
 12014 | D:9      | Noticed a fire dragon
 12470 | D:9      | Reached XP level 11. HP: 64/64 MP: 13/20
 12867 | Lair:1   | Entered Level 1 of the Lair of Beasts
 13602 | Lair:1   | Upgraded the game from 0.28-a0-57-g271197699b to
                  | 0.28-a0-69-g49dcd67cf8
 13660 | Lair:2   | Reached ** piety under Ashenzari
 13689 | Lair:2   | Found a staircase to the Swamp.
 13740 | Lair:2   | Noticed Urug
 14008 | Lair:2   | Noticed a death yak
 14011 | Lair:2   | Noticed a death yak
 14011 | Lair:2   | Noticed a death yak
 14013 | Lair:2   | Noticed Sonja
 14032 | Lair:1   | Killed a death yak
 14155 | Lair:1   | Killed a death yak
 14156 | Lair:1   | Reached skill level 5 in Fighting
 14431 | Lair:2   | Killed a death yak
 14674 | Lair:2   | Noticed Harold
 14737 | Lair:3   | Noticed an eight-headed hydra
 14788 | Lair:2   | Noticed a five-headed hydra
 14793 | Lair:2   | Killed Sonja
 14839 | Lair:2   | Killed Urug
 14840 | Lair:2   | Reached XP level 12. HP: 16/71 MP: 22/24
 15230 | Lair:2   | Found a hole to the Spider Nest.
 15274 | Lair:2   | Killed Harold
 15302 | Lair:2   | Noticed Nergalle
 15611 | Lair:2   | Killed Nergalle
 15732 | Lair:2   | Killed a five-headed hydra
 16057 | Lair:2   | Killed an eight-headed hydra
 16058 | Lair:2   | Reached skill level 4 in Shields
 16634 | Lair:3   | Reached skill level 10 in Maces & Flails
 16726 | Lair:3   | Learned a level 5 spell: Bolt of Magma
 16744 | Lair:3   | Reached skill level 1 in Fire Magic
 16749 | Lair:3   | Reached skill level 5 in Dodging
 16957 | Lair:3   | Noticed a six-headed hydra
 16964 | Lair:3   | Killed a six-headed hydra
 17346 | Lair:3   | Identified the +10 spear "Wiojoith" {drain, rF+ rN+ Int+4
                  | Stlth+}
 17726 | Lair:4   | Reached XP level 13. HP: 77/77 MP: 25/25
 17977 | Lair:4   | Acquired a +0 buckler of protection
 18219 | Lair:4   | Identified the +2 scale mail of the Sea {rPois rN+ Dex-2}
 18686 | Lair:5   | Found a frozen archway.
 18709 | IceCv    | Entered an ice cave
 19010 | IceCv    | Noticed a reaper
 19028 | IceCv    | Killed a reaper
 19341 | IceCv    | Identified the Compendium of the Frostbite
 19964 | D:4      | Bought a scroll of enchant armour for 75 gold pieces
 19964 | D:4      | Bought a scroll of enchant armour for 75 gold pieces
 19964 | D:4      | Bought a scroll of enchant weapon for 75 gold pieces
 19964 | D:4      | Bought a scroll of teleportation for 30 gold pieces
 20324 | Lair:5   | Reached *** piety under Ashenzari
 20555 | Lair:5   | Identified the +7 dagger of Immorality {vorpal, Fragile rC+
                  | Str+5}
 20631 | Lair:6   | Entered Level 6 of the Lair of Beasts
 20802 | Lair:6   | Reached **** piety under Ashenzari
 20813 | Lair:6   | Identified the +0 robe of Negligence {rF+}
 20839 | Lair:6   | Reached skill level 10 in Conjurations
 20962 | Lair:6   | Reached skill level 5 in Fire Magic
 20962 | Lair:6   | Reached skill level 10 in Earth Magic
 21002 | Lair:6   | Reached skill level 5 in Shields
 21122 | Lair:6   | Found a viscous altar of Jiyva.
 21123 | Lair:6   | Found a staircase to the Slime Pits.
 21197 | Lair:6   | Gained mutation: Your large and strong wings let you fly.
                  | [Gargoyle growth]
 21197 | Lair:6   | Reached XP level 14. HP: 59/86 MP: 13/28
 22567 | D:9      | Killed Erolcha
 22869 | D:10     | Entered Level 10 of the Dungeon
 22887 | D:10     | Found the +4 robe of Augmentation {Str+4 Int+4 Dex+4}
 23591 | D:10     | Found a burning altar of Makhleb.
 23896 | D:11     | Noticed Josephine
 23919 | D:11     | Found a flagged portal.
 23928 | Bailey   | Entered a bailey
 23943 | Bailey   | Noticed an orc warlord
 24021 | Bailey   | Found a runed translucent gate.
 24022 | Bailey   | Found a runed translucent gate.
 24023 | Bailey   | Found a runed translucent gate.
 24296 | Bailey   | Killed an orc warlord
 24406 | Bailey   | Acquired 280 gold pieces
 24407 | Bailey   | Acquired the amulet "Riehisav" {rN+ Regen+}
 24465 | D:11     | Killed Josephine
 24515 | D:11     | Reached skill level 6 in Shields
 24737 | D:11     | Reached XP level 15. HP: 66/95 MP: 31/31
 25133 | D:12     | Found a staircase to the Orcish Mines.
 25155 | D:12     | Reached ***** piety under Ashenzari
 25158 | D:12     | Found a broken altar of Ashenzari.
 25830 | Orc:1    | Entered Level 1 of the Orcish Mines
 25830 | Orc:1    | Noticed an orc warlord
 25901 | D:12     | Killed an orc warlord
 26314 | Orc:1    | Noticed an orc warlord
 26399 | D:12     | Killed an orc warlord
 26566 | Orc:1    | Noticed an orc warlord
 26601 | Orc:1    | Killed an orc warlord
 26720 | Orc:1    | Found Patte's Jewellery Boutique.
 26723 | Orc:1    | Found Peosch's Magic Scroll Emporium.
 26727 | Orc:1    | Found Lyimom's Book Emporium.
 26735 | Orc:1    | Found Linumn's Armour Emporium.
 26860 | Orc:1    | Identified Raheref's Volume of Orientation
 26880 | Orc:1    | Learned a level 4 spell: Iskenderun's Mystic Blast
 26884 | Orc:1    | Learned a level 3 spell: Mephitic Cloud
 26928 | Orc:1    | Identified the ring "Xaen" {+Blink rC+ EV+4 Int+2}
 27063 | Orc:1    | Upgraded the game from 0.28-a0-69-g49dcd67cf8 to
                  | 0.28-a0-71-g84acfa7270
 27076 | Orc:2    | Entered Level 2 of the Orcish Mines
 27463 | Orc:2    | Noticed Saint Roka
 27631 | Orc:2    | Reached skill level 1 in Air Magic
 27709 | Orc:2    | Found Laun's Antique Armour Shoppe.
 27759 | Orc:2    | Reached skill level 7 in Shields
 28040 | Orc:2    | Learned a level 4 spell: Petrify
 28071 | Orc:2    | Reached skill level 1 in Transmutations
 28321 | Orc:2    | Found Xacyor's Antique Weapon Shoppe.
 28613 | Orc:2    | Found Neerucku's Jewellery Shoppe.
 28622 | Orc:2    | Bought the ring of Kafos {Will+ rCorr Int+6 Dex+5} for 971
                  | gold pieces
 28625 | Orc:2    | Found a staircase to the Elven Halls.
 28774 | Orc:2    | Found Aceim's General Store.
 28800 | Orc:2    | Killed Saint Roka
 29548 | Swamp:1  | Entered Level 1 of the Swamp
 29623 | Swamp:1  | Reached XP level 16. HP: 70/103 MP: 32/32
 29985 | Swamp:1  | Noticed a thorn hunter
 29996 | Swamp:1  | Killed a thorn hunter
 30463 | Swamp:1  | Identified Delovus's Disquisition on Beguiling and the
                  | Rocks
 30642 | Swamp:1  | Identified the +8 great mace of Instant Death {flame,
                  | +Blink rF+}
 30793 | Swamp:1  | Identified the +9 hand axe "Qisoer" {venom, +Blink rF-
                  | Dex+8}
 30959 | Swamp:2  | Reached skill level 10 in Fighting
 30964 | Swamp:2  | Reached skill level 8 in Shields
 31286 | Swamp:2  | Noticed a tentacled monstrosity
 31301 | Swamp:2  | Killed a tentacled monstrosity
 31476 | Swamp:2  | Reached skill level 1 in Hexes
 31476 | Swamp:2  | Reached skill level 1 in Translocations
 31476 | Swamp:2  | Reached skill level 1 in Poison Magic
 31476 | Swamp:2  | Reached skill level 1 in Evocations
 31476 | Swamp:2  | Reached XP level 17. HP: 109/109 MP: 33/33
 31477 | Swamp:2  | Reached XP level 18. HP: 116/116 MP: 34/34
 31481 | Swamp:2  | Learned a level 2 spell: Blink
 32531 | Swamp:3  | Found the amulet of Vitality {Regen+ HP+15}
 32610 | Swamp:3  | Noticed Kirke
 32619 | Swamp:3  | Killed Kirke
 32679 | Swamp:3  | Reached skill level 9 in Shields
 32784 | Swamp:3  | Noticed a tentacled monstrosity
 32801 | Swamp:3  | Killed a tentacled monstrosity
 33105 | Swamp:3  | Reached skill level 15 in Maces & Flails
 33779 | Swamp:4  | Entered Level 4 of the Swamp
 33786 | Swamp:4  | Reached XP level 19. HP: 115/125 MP: 37/37
 34362 | Swamp:4  | Got a decaying rune of Zot
 34713 | Spider:1 | Entered Level 1 of the Spider Nest
 34927 | Spider:1 | Reached skill level 10 in Shields
 35157 | Spider:1 | Reached ****** piety under Ashenzari
 36938 | Spider:2 | Reached skill level 10 in Stealth
 36938 | Spider:2 | Reached skill level 10 in Spellcasting
 37129 | Spider:3 | Reached skill level 11 in Shields
 37300 | Spider:3 | Found a runed translucent door.
 37300 | Spider:3 | Noticed Rokh's ghost (journeyman DsFi)
 37303 | Spider:3 | Identified the +0 pair of gloves "Vakiff" {rC+}
 37315 | Spider:3 | Learned a level 1 spell: Magic Dart
 37348 | Spider:3 | Reached XP level 20. HP: 134/136 MP: 15/39
 37782 | Spider:3 | Killed Rokh's ghost
 37865 | Spider:4 | Entered Level 4 of the Spider Nest
 38268 | Spider:4 | Identified Roxanne's Disquisition on Transmutation
 38268 | Spider:4 | Noticed Roxanne
 38340 | Spider:4 | Noticed Arachne
 38476 | Spider:4 | Killed Arachne
 38741 | Spider:4 | Killed Roxanne
 39408 | Spider:4 | Reached skill level 12 in Shields
 39785 | Spider:4 | Got a gossamer rune of Zot
 40976 | D:14     | Identified the Incunabulum of Warped Moulding
 41051 | D:14     | Identified the ring of Tebefum {Fly Dex+6}
 41069 | D:14     | Identified the +6 battleaxe of the Reaper {vorpal, rC+ rN+}
 41168 | D:14     | Learned a level 5 spell: Lee's Rapid Deconstruction
 41289 | D:14     | Found a shadowy altar of Dithmenos.
 41371 | D:14     | Identified the Reference Book on Warped Summoning
 41575 | D:14     | Reached XP level 21. HP: 137/142 MP: 41/41
 41743 | D:14     | Found a shimmering blue altar of Sif Muna.
 41840 | D:14     | Found a gate to the Vaults.
 41840 | D:14     | Noticed Rupert
 41924 | D:14     | Killed Rupert
 42163 | D:14     | Reached skill level 13 in Shields
 42466 | Elf:1    | Entered Level 1 of the Elven Halls
 43176 | Elf:1    | Identified the Volume of Creation
 43422 | Elf:2    | Found Duthrie Ulot's Assorted Antiques.
 43469 | Elf:2    | Found Qeqy's Antique Armour Boutique.
 43469 | Elf:2    | Found a runed translucent gate.
 43469 | Elf:2    | Found a runed translucent gate.
 43470 | Elf:2    | Found a runed translucent gate.
 43480 | Elf:2    | Bought a twisted ring mail for 279 gold pieces
 43480 | Elf:2    | Identified the +4 ring mail of Caniq {Regen+ MP+9 Dex+2}
                  | (You bought it in a shop on level 2 of the Elven Halls)
 43638 | Elf:2    | Found Keastre's Antique Armour Shop.
 43649 | Elf:2    | Bought a ripped robe for 159 gold pieces
 43649 | Elf:2    | Identified the +2 robe of Pateff {rElec Slay-6 Stlth+} (You
                  | bought it in a shop on level 2 of the Elven Halls)
 43649 | Elf:2    | Bought a runed helmet for 210 gold pieces
 43910 | Elf:3    | Entered Level 3 of the Elven Halls
 44086 | Elf:3    | Found a runed translucent gate.
 44272 | Elf:3    | Found a runed translucent gate.
 44273 | Elf:3    | Found a runed translucent gate.
 44281 | Elf:3    | Noticed mora's ghost (adept FoFi)
 44286 | Elf:3    | Identified the +2 helmet of Inaction {rC+}
 44545 | Elf:3    | Paralysed by an air elemental for 1 turns
 44551 | Elf:3    | Paralysed by an air elemental for 1 turns
 44886 | Elf:3    | Identified the Collected Works on the Escort
 44888 | Elf:3    | Identified the Incunabulum of Dark Rites and Calling
 44889 | Elf:3    | Identified the +0 cloak of Vehumet's Reproof {rF+}
 44889 | Elf:3    | Identified the +5 great sword "Omom" {freeze, *Corrode rC++
                  | Str-4 Int+8}
 44890 | Elf:3    | Identified the amulet "Cutruk" {Reflect Rampage rN+ Will+
                  | Dex-2 SH+5}
 44908 | Elf:3    | Identified the +1 leather armour of Filth {+Blink Str-5
                  | Int+7}
 44918 | Elf:3    | Reached XP level 22. HP: 149/149 MP: 43/43
 44978 | Elf:3    | Identified the +2 mace "Rycloare" {elec, rPois Will- rCorr
                  | Int+8}
 44979 | Elf:3    | Identified the ring of Kokoosupp {rElec Will+ MP-9 Str+10
                  | Stlth-}
 45229 | Elf:3    | Killed mora's ghost
 45230 | Elf:3    | Reached skill level 14 in Shields
 45493 | Vaults:1 | Entered Level 1 of the Vaults
 45558 | Vaults:1 | Learned a level 4 spell: Passage of Golubria
 46116 | Vaults:1 | Reached skill level 10 in Dodging
 46408 | Vaults:2 | Learned a level 2 spell: Wereblood
 46794 | Vaults:2 | Found a staircase to the Crypt.
 47026 | Vaults:2 | Found a portal to a secret trove of treasure.
 47327 | Vaults:2 | Reached skill level 15 in Shields
 47527 | Crypt:1  | Entered Level 1 of the Crypt
 47926 | Crypt:1  | Reached XP level 23. HP: 144/157 MP: 44/44
 47943 | Crypt:1  | Reached skill level 15 in Fighting
 48291 | Crypt:2  | Noticed Mara
 48302 | Crypt:2  | Noticed Feb132020's illusion
 48314 | Crypt:2  | Killed Mara
 48805 | Crypt:3  | Entered Level 3 of the Crypt
 48815 | Crypt:3  | Noticed Bai Suzhen
 48839 | Crypt:3  | Killed Bai Suzhen
 48840 | Crypt:3  | Reached skill level 16 in Shields
 48992 | Crypt:3  | Noticed Khufu
 48994 | Crypt:3  | Noticed a royal mummy
 49234 | Crypt:3  | Found a basalt altar of Yredelemnul.
 49514 | Crypt:3  | Identified the Reference Book on Dark Transmigration
 49588 | Crypt:3  | Noticed a dread lich
 49750 | Crypt:3  | Reached skill level 17 in Shields
 49835 | Crypt:3  | Killed Khufu
 49836 | Crypt:3  | Reached XP level 24. HP: 124/166 MP: 44/44
 49836 | Crypt:3  | Noticed a royal mummy
 49848 | Crypt:3  | Killed a royal mummy
 49863 | Crypt:3  | Killed a royal mummy
 49940 | Crypt:3  | Found a staircase to the Tomb.
 50003 | Crypt:3  | Killed a dread lich
 50058 | Crypt:3  | Identified the ring "Fadejumn" {rN+ Str-4 Int+5}
 50058 | Crypt:3  | Identified the ring "Noshoq" {rElec rC- rN+ Int+3 Slay+5}
 50058 | Crypt:3  | Identified the ring "Toseloah" {+Blink rN+ Str+8 Int-4
                  | Dex+5}
 50202 | Crypt:3  | Identified Khufu's Compendium of Darkness
 50369 | Vaults:3 | Noticed Donald
 50379 | Vaults:3 | Killed Donald
 50608 | Vaults:3 | Noticed Aizul
 50621 | Vaults:3 | Killed Aizul
 50714 | Vaults:3 | Found Keopet Hinicw's Book Boutique.
 51098 | Vaults:3 | Reached skill level 18 in Shields
 51828 | Vaults:4 | Found Zamaamn's Magic Scroll Emporium.
 51876 | Vaults:4 | Found Pusug's Armour Shop.
 51996 | Vaults:4 | Found Wograir's Book Shop.
 52174 | Vaults:4 | Reached XP level 25. HP: 172/172 MP: 44/44
 52747 | D:15     | Entered Level 15 of the Dungeon
 52857 | D:15     | Found a staircase to the Depths.
 52858 | D:15     | Found the +8 storm bow {elec, penet}
 53319 | D:15     | Found the +3 sling "Punk" {acid, rCorr}
 53409 | Depths:1 | Entered Level 1 of the Depths
 53413 | Depths:1 | Found a one-way gate to the infinite horrors of the Abyss.
 53469 | Depths:1 | Voluntarily entered the Abyss.
 53485 | Abyss:1  | Found a shadowy altar of Dithmenos.
 53616 | Abyss:2  | Found a corrupted altar of Lugonu.
 53625 | Abyss:2  | Found a corrupted altar of Lugonu.
 53642 | Abyss:2  | Found a shimmering altar of Xom.
 53643 | Abyss:2  | Found a shimmering altar of Xom.
 53643 | Abyss:2  | Found a shimmering altar of Xom.
 53643 | Abyss:2  | Found a shimmering altar of Xom.
 53643 | Abyss:2  | Found a shimmering altar of Xom.
 53687 | Abyss:4  | Found a corrupted altar of Lugonu.
 53783 | Abyss:4  | Gained mutation: Your magical capacity is low. (-10% MP) [a
                  | neqoxec]
 53785 | Abyss:4  | Gained mutation: You are clumsy. (Dex -2) [a neqoxec]
 53947 | Abyss:4  | Reached skill level 19 in Shields
 54102 | Abyss:5  | Entered Level 5 of the Abyss
 54173 | Abyss:5  | Found a corrupted altar of Lugonu.
 54494 | Abyss:5  | Noticed a dread lich
 54722 | Abyss:5  | Learned a level 1 spell: Apportation
 54795 | Abyss:5  | Gained mutation: You are frail. (-10% HP) [mutagenic glow]
 54863 | Abyss:5  | Paralysed by accursed screaming for 1 turns
 54865 | Abyss:5  | Gained mutation: You sometimes lose the ability to read
                  | scrolls when taking damage. [mutagenic glow]
 54938 | Abyss:5  | Reached XP level 26. HP: 162/162 MP: 36/36
 55285 | Abyss:5  | Reached skill level 20 in Shields
 55305 | Abyss:5  | Reached skill level 5 in Transmutations
 55317 | Abyss:5  | Got an abyssal rune of Zot
 55322 | Depths:1 | Escaped the Abyss
 55469 | Vaults:2 | You showed the abyssal rune of Zot to enter a treasure
                  | trove
 55470 | Trove    | Entered a treasure trove
 55474 | Trove    | Identified the ring of the Cockatrice {Str+6 Dex+2 Stlth+}
 55475 | Trove    | Identified the amulet "Wened" {RegenMP rN+ Str+3}
 55506 | Trove    | Upgraded the game from 0.28-a0-71-g84acfa7270 to
                  | 0.28-a0-75-g15dc114455
 55587 | Vaults:5 | Entered Level 5 of the Vaults
 55882 | Depths:1 | Lost mutation: You sometimes lose the ability to read
                  | scrolls when taking damage. [potion of mutation]
 55882 | Depths:1 | Lost mutation: Your magical capacity is low. (-10% MP)
                  | [potion of mutation]
 55882 | Depths:1 | Gained mutation: Your magical capacity is low. (-10% MP)
                  | [potion of mutation]
 55882 | Depths:1 | Gained mutation: You have very sharp teeth. [potion of
                  | mutation]
 55883 | Depths:1 | Lost mutation: You are frail. (-10% HP) [potion of
                  | mutation]
 55883 | Depths:1 | Lost mutation: You have very sharp teeth. [potion of
                  | mutation]
 55883 | Depths:1 | Gained mutation: Your mind is acute. (Int +2) [potion of
                  | mutation]
 55884 | Depths:1 | Lost mutation: You are clumsy. (Dex -2) [potion of
                  | mutation]
 55884 | Depths:1 | Lost mutation: Your magical capacity is low. (-10% MP)
                  | [potion of mutation]
 55884 | Depths:1 | Lost mutation: Your mind is acute. (Int +2) [potion of
                  | mutation]
 55884 | Depths:1 | Gained mutation: You are frail. (-10% HP) [potion of
                  | mutation]
 55884 | Depths:1 | Gained mutation: You are very frail. (-20% HP) [potion of
                  | mutation]
 55884 | Depths:1 | Gained mutation: You expend magic power (3 MP) to
                  | strengthen your wands. [potion of mutation]
 55885 | Depths:1 | Lost mutation: You are very frail. (-20% HP) [potion of
                  | mutation]
 55885 | Depths:1 | Gained mutation: You passively map a small area around you.
                  | [potion of mutation]
 55885 | Depths:1 | Gained mutation: You are very frail. (-20% HP) [potion of
                  | mutation]
 55885 | Depths:1 | Gained mutation: You have a pair of small horns on your
                  | head. [potion of mutation]
 56141 | Vaults:5 | Noticed Margery
 56439 | Vaults:5 | Noticed a dread lich
 56456 | Vaults:4 | Killed a dread lich
 56468 | Vaults:4 | Killed Margery
 56526 | Vaults:5 | Noticed a dread lich
 56653 | Vaults:5 | Killed a dread lich
 56772 | Vaults:5 | Identified the +6 short sword "Voazuess" {venom, *Corrode
                  | MP+9 Stlth+}
 57479 | Vaults:5 | Reached skill level 21 in Shields
 57503 | Vaults:5 | Reached XP level 27. HP: 122/150 MP: 45/45
 57651 | Vaults:5 | Got a silver rune of Zot
 57826 | Vaults:5 | Identified the +10 hand crossbow of Compassion {elec, Str+4
                  | Int+3 Stlth+}
 58623 | Elf:2    | Bought a potion of resistance for 330 gold pieces
 58623 | Elf:2    | Bought a potion of might for 132 gold pieces
 58623 | Elf:2    | Bought a scroll of teleportation for 99 gold pieces
 58717 | Orc:1    | Bought a scroll of teleportation for 36 gold pieces
 58717 | Orc:1    | Bought a scroll of teleportation for 36 gold pieces
 58717 | Orc:1    | Bought a scroll of blinking for 90 gold pieces
 58717 | Orc:1    | Bought a scroll of blinking for 90 gold pieces
 58746 | Orc:2    | Bought a potion of haste for 140 gold pieces
 58746 | Orc:2    | Bought a potion of cancellation for 112 gold pieces
 58979 | Depths:1 | Found a gateway to Hell.
 59121 | Depths:1 | Found Fehuad's Armour Shop.
 59124 | Depths:1 | Found Uppufecw's Weapon Boutique.
 59124 | Depths:1 | Found Musaid's Book Shop.
 59134 | Depths:1 | Found Guelydomn's Book Boutique.
 59147 | Depths:1 | Bought a manual of Dodging for 1120 gold pieces
 59243 | Depths:1 | Reached skill level 15 in Stealth
 59990 | Depths:2 | Learned a level 6 spell: Starburst
 60173 | Depths:2 | Reached skill level 22 in Shields
 60561 | Depths:3 | Found a viscous altar of Jiyva.
 60561 | Depths:3 | Noticed Egicwurue's ghost (veteran DrCj)
 60562 | Depths:3 | Identified the +2 hat of the Yeti {rCorr}
 60580 | Depths:3 | Paralysed by a floating eye for 2 turns
 60767 | Depths:3 | Noticed a juggernaut
 60881 | Depths:3 | Killed a juggernaut
 61016 | Depths:3 | Found a gateway to a ziggurat.
 61272 | Depths:3 | Noticed a juggernaut
 61286 | Depths:3 | Killed a juggernaut
 61405 | Depths:3 | Reached skill level 23 in Shields
 61499 | Depths:3 | Found a runed translucent gate.
 61501 | Depths:3 | Found a runed translucent gate.
 61501 | Depths:3 | Found a runed translucent gate.
 61525 | Depths:3 | Killed Egicwurue's ghost
 61814 | Vaults:4 | Bought a +2 pair of boots of flying for 408 gold pieces
 62149 | Depths:3 | Found a one-way gate leading to the halls of Pandemonium.
 62249 | Depths:4 | Noticed a juggernaut
 62268 | Depths:4 | Killed a juggernaut
 62298 | Depths:4 | Noticed a juggernaut
 62312 | Depths:4 | Killed a juggernaut
 62313 | Depths:4 | Noticed a juggernaut
 62326 | Depths:4 | Noticed a juggernaut
 62340 | Depths:4 | Killed a juggernaut
 62472 | Depths:4 | Killed a juggernaut
 62509 | Depths:4 | Identified the +11 hand axe of the Pit {vorpal, rF+ rC+
                  | Str+4}
 62510 | Depths:4 | Identified the +7 executioner's axe of Reasonable Judgement
                  | {antimagic, Str+4}
 62655 | Depths:4 | Noticed Mennas
 62667 | Depths:4 | Reached skill level 15 in Dodging
 62721 | Depths:4 | Killed Mennas
 63412 | Depths:5 | Entered Level 5 of the Depths
 63412 | Depths:5 | Found Otejor's Armour Emporium.
 63510 | Depths:5 | Found a gate to the Realm of Zot.
 63542 | Depths:5 | Reached skill level 10 in Armour
 64535 | Hell     | Entered the Vestibule of Hell
 64550 | Hell     | Noticed Geryon
 64582 | Hell     | Killed Geryon
 64814 | Hell     | Found a gateway to the ashen valley of Gehenna.
 64897 | Hell     | Gained mutation: You are dopey. (Int -2) [a cacodemon]
 64903 | Hell     | Gained mutation: Armour fits poorly on your strangely
                  | shaped body. [a cacodemon]
 64908 | Hell     | Found a gateway to the Iron City of Dis.
 64985 | Hell     | Found a gateway to the freezing wastes of Cocytus.
 65093 | Hell     | Found a gateway to the decaying netherworld of Tartarus.
 65264 | Dis:1    | Entered Level 1 of the Iron City of Dis
 66367 | Dis:1    | Reached skill level 24 in Shields
 66607 | Dis:3    | Gained mutation: You tend to lose your temper in combat. [a
                  | cacodemon]
 68576 | Dis:7    | Entered Level 7 of the Iron City of Dis
 70545 | Dis:7    | Identified the +5 chain mail of Pyor Reb {Dex+2}
 70592 | Dis:7    | Identified the amulet of Twilight {Reflect rF+ rC+ SH+5}
 70978 | Dis:7    | Identified the +6 hand crossbow "Uxkucarch" {elec, Fly rC+}
 71805 | Dis:7    | Found the +4 skin of Zhor {*Englaciate rC+++ SInv}
 71888 | Dis:7    | Found the +4 staff of Dispater
 71888 | Dis:7    | Noticed Dispater
 72349 | Dis:7    | Identified the +12 quarterstaff "Uproocs" {vorpal, *Corrode
                  | rF+ Int+5}
 72356 | Dis:7    | Got an iron rune of Zot
 72534 | Zot:1    | Entered Level 1 of the Realm of Zot
 73095 | Zot:2    | HP: 6/159 [tentacled monstrosity (7)]
 73096 | Zot:2    | Killed from afar by a purple draconian

Illustrated notes

Levels and vault maps discovered:
D:1:      psy_arrival_spokes, layout_basic, shapermc_ecumenical_altar_ellora,
          minivault_26
D:2:      layout_basic, basic_altar, minmay_between
D:3:      layout_loops_ring, nicolae_hepliaklqana_ecumenical_no_more,
          roderic_lattice_a, hangedman_decor_clover_reticule,
          serial_bayou_pond_d, minmay_quadrilaterals, uniq_robin
D:4:      layout_basic, mainiacjoe_overflow_six_doors_small, serial_shops, shop
D:5:      minmay_bubble_buster, layout_cave_pools, mainiacjoe_overflow_brackets,
          nicolae_wu_jian_glorious_leap, temple_hall,
          cheibrodos_sewer_entry_bend
D:6:      layout_cave_pools, serial_shops, shop
D:7:      minmay_the_grid_triangle_9x9_recursive_2
          [minmay_the_grid_triangle_9x9_prize_schism,
          minmay_the_grid_triangle_9x9_cache,
          minmay_the_grid_triangle_9x9_swiss_cheese,
          minmay_the_grid_triangle_9x9_semitri], layout_loops_ring,
          minmay_misc_feat_rows, the_hattery
D:8:      layout_cave_pods, overflow_temple_1_default, kennysheep_generic_room_3
D:9:      layout_rooms, lair_entry_dummy, minivault_16, hangedman_glass_teeth,
          hangedman_minor_gate_pass, uniq_erolcha
D:10:     layout_small_grid, bloody_makhleb, minmay_pinched_square
D:11:     layout_cave_pools, enter_bailey_2, gauntlet_entry_generic,
          uniq_josephine
D:12:     layout_rooms, evilmike_ruin_ashenzari
D:13:     minmay_octagon_keep, layout_basic, minmay_misc_feat_pillars
D:14:     minmay_spiral_squares, layout_irregular_city, david_vaults_3,
          nicolae_dithmenos_shadow_blocks, led_sif_pool
D:15:     gammafunk_enter_depths_forms, layout_basic,
          hellmonk_bongcloud_opening, st_stairs_13, small_statue_intersection,
          minmay_fractal_squares_5
Temple:   regret_index_temple_sphere_string
Lair:1:   layout_long_grid
Lair:2:   layout_chaotic_city, swamp_mist_pool, spider_nest_entry_rubble,
          serial_bayou_shore_a, uniq_harold, uniq_urug, uniq_sonja,
          uniq_nergalle
Lair:3:   layout_misc_corridors, minmay_lair_oklob_chamber
Lair:4:   layout_roguey, st_stairs_3
Lair:5:   layout_misc_corridors, portal_ice_cave_rime
Lair:6:   minmay_lair_end_enchanted_forest, layout_regular_city,
          dpeg_slime_entry_enclosed_altar, serial_bayou_shore_b,
          serial_bayou_shore_b
Swamp:1:  layout_basic_swamp, nicolae_swamp_orc_logging_accident
Swamp:2:  layout_falls_marsh, hangedman_swamp_lotus
Swamp:3:  nzn_winding_woodlands_medium [nzn_winding_woodlands_5x5_open_star,
          nzn_winding_woodlands_5x15_eye, nzn_winding_woodlands_5x5_closed_star,
          nzn_winding_woodlands_5x5_perimeter,
          nzn_winding_woodlands_center_diamonds,
          nzn_winding_woodlands_5x5_three, nzn_winding_woodlands_5x5_cross,
          nzn_winding_woodlands_5x15_lazy_stream,
          nzn_winding_woodlands_5x5_default], layout_basic_swamp,
          hangedman_swamp_ruin_hall, nicolae_swamp_alligator_family, uniq_kirke
Swamp:4:  swamp, layout_basic_swamp, infiniplex_staircase_pool
Spider:1: layout_spider_delve, nicolae_spider_bug_shape
Spider:2: layout_chambers
Spider:3: layout_spider_delve, ebering_ghost_reflecting_pool
Spider:4: grunt_spider_rune_parallel, uniq_arachne, uniq_roxanne
Orc:1:    layout_caves, serial_shops, shop, shop_scrolls, shop, shop,
          minmay_orc_treasury
Orc:2:    grunt_orc_cross, layout_caves, statue_in_the_mist_lemuel
Elf:1:    nicolae_elf_arrival_no_cutting_in_line, layout_gridlike,
          minmay_elf_demonology, due_unseen_surprise
Elf:2:    elven_hall_of_blades_hangedman_original
          [nicolae_blade_entry_crossed_weapons], layout_geoelf_octagon,
          serial_shops, shop, shop, nicolae_shop_statue_plus
Elf:3:    minmay_elf_hall, layout_geoelf_diagonals,
          gammafunk_ghost_tricky_traps, hex_intersection
Vaults:1: hangedman_vaults_locks, nicolae_vaults_little_squares_6,
          vaults_standard_mumra_x, vaults_room_pool,
          nicolae_vaults_little_squares_5, nicolae_vaults_little_squares_6,
          vaults_dpeg_cross, v_rooms_3, nicolae_vaults_little_squares_2,
          serial_ice_m, hangedman_vaults_slice, nicolae_vaults_specimen_jars,
          layout_vaults_maze_snakey
Vaults:2: ontoclasm_vaults_bender, nicolae_vaults_disjoint_gnomons,
          vaults_room_door_hall, st_more_cells, grunt_vaults_hallway_short,
          hangedman_vaults_stretched_pinwheel, hangedman_vaults_pinch,
          nicolae_vaults_sealed_display, minmay_crypt_entry_nasty_monster,
          vaults_room_grunt_arrival_checkpoint, ontoclasm_vaults_fault,
          nicolae_vaults_rhombus_5, ontoclasm_vaults_idyll,
          layout_vaults_omnicross, enter_trove_3
Vaults:3: v_misc_15, v_rooms_1, ontoclasm_vaults_ring_square, st_octagons_2,
          nicolae_vaults_ring_of_whatevers, vaults_room_pool, vaults_dpeg_ring,
          layout_vaults_omnigrid, serial_shops, shop, uniq_aizul, uniq_donald
Vaults:4: nicolae_vaults_little_squares_2,
          vaults_standard_mumra_enter_the_diamond, vaults_standard_mumra_lines,
          v_rooms_2, nicolae_vaults_theta, ontoclasm_vaults_misaligned,
          hangedman_vaults_nails, vaults_room_pool, hangedman_vaults_capsules,
          nicolae_vaults_little_squares_1, nicolae_vaults_twisting_passages,
          nicolae_vaults_shelves_hall, layout_vaults_omnibox, serial_shops,
          shop_statue, shop, nicolae_shop_crystal
Vaults:5: uniq_margery
Crypt:1:  layout_chaotic_city, st_stairs_7
Crypt:2:  layout_rooms, serial_corexii_hall, corexii_hall_statues_l,
          chequers_hall_statues_wall_a, corexii_hall_statues_x, uniq_mara
Crypt:3:  church_of_pain_bobbens, layout_chaotic_city,
          tomb_entry_simple_bobbens, uniq_bai_suzhen, uniq_khufu
Depths:1: layout_honeycomb, grunt_mini_vestibule, abyss_entry,
          roderic_roman_lattice, kennysheep_kite_vault, minmay_shoptagon
Depths:2: kennysheep_windowed_halls, layout_long_grid,
          minmay_misc_feat_diagonals, hell_entry,
          minmay_staircase_statues_hall_large
Depths:3: giant_chief_lemuel, layout_cave_pools, enter_ziggurat_e,
          hangedman_decor_lopped, gammafunk_ghost_ooze, minmay_room_of_horrors,
          grunt_pan_entry_sceptre, special_room [special_room_mythical_zoo],
          hell_entry
Depths:4: minmay_tile_spiral, layout_gridlike, abyss_entry,
          pf_dread_powers_of_hell, nrook_pool_corridor, minmay_staircase_bubble,
          uniq_mennas
Depths:5: grunt_zot_entry_bicorn, layout_honeycomb, hell_entry,
          minmay_misc_feat_secret_circle, abyss_entry, serial_shops,
          nicolae_shop_trees
Hell
Dis:1:    layout_gridville
Dis:2:    layout_jigsaw
Dis:3:    layout_chaotic_city, grunt_megastairs_4
Dis:4:    layout_subdivisions
Dis:5:    layout_subdivisions
Dis:6:    layout_chaotic_city, lemuel_elevator
Dis:7:    iron_city_of_dis [dis_mu, dis_wall_4], layout_chaotic_city,
          hangedman_dis_chains, nrook_loot_triangle
Zot:1:    layout_misc_corridors, grunt_megastairs_1
Zot:2:    nicolae_moth_party, layout_cathedral_of_symmetry, evilmike_ambush
          [evilmike_ambush_outer_basic, evilmike_ambush_inner_basic]

Skill      XL: |  1  2  3  4  5  6  7  8  9 10 11 12 13 14 15 16 17 18 19 20 21 22 23 24 25 26 27 |
---------------+----------------------------------------------------------------------------------+-----
Earth Magic    | 4 5 6 7 8 9 10 11 12 13 14 | 14.7
Conjurations   | 1 2 3 5 6 7 8 9 10 11 12 | 12.8
Spellcasting   | 3 4 5 6 7 8 9 10 11 12 13 14 | 14.9
Dodging        | 2 3 4 5 6 7 8 9 10 11 12 13 18 | 18.9
Maces & Flails | 1 2 3 4 6 7 9 10 11 12 13 14 15 16 17 18 19 21 | 21.1
Stealth        | 3 4 5 6 7 8 9 10 11 12 13 14 19 | 19.0
Fighting       | 1 2 3 4 5 6 8 9 10 11 12 13 14 15 16 17 18 23 | 23.9
Shields        | 1 2 3 4 5 6 7 8 9 11 12 13 15 17 18 19 21 24 | 24.2
Armour         | 3 5 7 8 9 10 | 10.9
Fire Magic     | 2 5 7 8 9 |  9.3
Air Magic      | 1 |  1.4
Transmutations | 2 3 4 5 7 |  7.8
Hexes          | 1 |  1.3
Translocations | 1 2 |  2.7
Poison Magic   | 1 |  1.7
Evocations     | 1 3 4 |  4.0

Action                   |  1- 3 |  4- 6 |  7- 9 | 10-12 | 13-15 | 16-18 | 19-21 | 22-24 | 25-27 || total
-------------------------+-------+-------+-------+-------+-------+-------+-------+-------+-------++-------
Melee: Unarmed           |     4 |       |       |       |       |       |       |       |       ||     4
       Club              |    40 |    79 |       |       |       |       |       |       |       ||   119
       Whip              |       |   167 |   236 |       |       |       |       |       |       ||   403
       Morningstar       |       |       |    99 |   274 |   969 |   329 |  1431 |  1774 |  5078 ||  9954
       Headbutt          |       |       |       |       |       |       |       |       |  1331 ||  1331
 Cast: Sandblast         |    61 |    20 |    39 |    48 |    52 |       |    22 |     1 |     6 ||   249
       Passwall          |     1 |       |       |     2 |     6 |       |    17 |     2 |    17 ||    45
       Stone Arrow       |       |     4 |    40 |    67 |    28 |     1 |    73 |     4 |    23 ||   240
       Bolt of Magma     |       |       |       |     2 |    96 |    34 |    39 |     2 |    15 ||   188
       Mephitic Cloud    |       |       |       |       |     2 |       |       |       |       ||     2
       Iskenderun's Myst |       |       |       |       |     1 |     4 |     9 |     1 |    22 ||    37
       Petrify           |       |       |       |       |     1 |     1 |    20 |       |       ||    22
       Magic Dart        |       |       |       |       |       |       |     3 |     1 |       ||     4
       Lee's Rapid Decon |       |       |       |       |       |       |     8 |     7 |    23 ||    38
       Wereblood         |       |       |       |       |       |       |       |    41 |    93 ||   134
       Apportation       |       |       |       |       |       |       |       |       |     1 ||     1
       Starburst         |       |       |       |       |       |       |       |       |     5 ||     5
Invok: Curse Item        |       |       |     1 |     3 |     5 |     2 |     3 |       |     3 ||    17
       Shatter the Chain |       |       |       |       |     2 |       |     2 |       |     3 ||     7
Evoke: Wand              |       |       |       |     4 |     4 |       |       |       |     7 ||    15
       Condenser vane    |       |       |       |       |     1 |       |     3 |     1 |     2 ||     7
       Box of beasts     |       |       |       |       |     1 |       |       |       |       ||     1
       Tin of tremorston |       |       |       |       |       |       |     2 |       |       ||     2
       Phial of floods   |       |       |       |       |       |       |       |       |     2 ||     2
       Horn of Geryon    |       |       |       |       |       |       |       |       |     1 ||     1
       Phantom mirror    |       |       |       |       |       |       |       |       |     1 ||     1
  Use: Scroll            |     1 |     7 |     3 |     4 |    15 |     1 |     4 |     1 |    13 ||    49
       Potion            |       |       |       |     3 |     3 |     4 |     2 |     4 |    11 ||    27
 Stab: Sleeping          |     3 |     5 |     6 |     8 |    15 |    11 |    59 |    51 |    99 ||   257
       Distracted        |       |       |       |     2 |     3 |     3 |     7 |     8 |    22 ||    45
       Petrified         |       |       |       |       |       |       |    14 |       |     7 ||    21
       Petrifying        |       |       |       |       |       |       |     8 |       |     1 ||     9
       Confused          |       |       |       |       |       |       |     2 |     3 |     6 ||    11
       Invisible         |       |       |       |       |       |       |       |       |     7 ||     7
Armor: Robe              |    38 |    52 |    71 |       |       |       |       |       |       ||   161
       Leather armour    |       |       |    25 |    65 |   118 |    85 |   289 |       |       ||   582
       Ring mail         |       |       |       |       |       |       |    55 |   389 |   834 ||  1278
Dodge: Dodged            |    49 |   185 |   239 |   262 |   427 |   173 |  1109 |  1260 |  3151 ||  6855
Block: Other             |       |    27 |    84 |    51 |       |       |       |       |       ||   162
       Reflection        |       |       |     1 |       |    25 |     1 |    60 |    30 |    67 ||   184
       Buckler           |       |       |       |       |   503 |   212 |  1268 |  1484 |   107 ||  3574
       Kite shield       |       |       |       |       |       |       |       |       |  5317 ||  5317

Table legend: (Time is in decaauts)
 A = Elapsed time spent in this place.
 B = Non-inter-level travel time spent in this place.
 C = Inter-level travel time spent in this place.
 D = Time resting spent in this place.
 E = Time spent auto-exploring this place.
 F = Levels seen in this place.
 G = Mean time per level.
                   A        B        C        D        E       F      G
               +--------+--------+--------+--------+--------+-----+--------+
         Total |  70400 |  63584 |   6816 |   3275 |  40632 |  67 | 1050.7 |
       Dungeon |  18887 |  16672 |   2215 |    826 |  12366 |  15 | 1259.1 |
        Temple |    159 |    143 |     16 |      0 |    135 |   1 |  159.0 |
          Lair |   9226 |   8547 |    679 |   1027 |   6110 |   6 | 1537.7 |
         Swamp |   4418 |   4286 |    132 |    242 |   3126 |   4 | 1104.5 |
   Spider Nest |   4863 |   4677 |    186 |    105 |   3321 |   4 | 1215.8 |
  Orcish Mines |   3200 |   2802 |    398 |    363 |   1507 |   2 | 1600.0 |
   Elven Halls |   2941 |   2695 |    246 |     87 |   1748 |   3 |  980.3 |
        Vaults |   7140 |   5740 |   1400 |      0 |   3639 |   5 | 1428.0 |
         Crypt |   2523 |   2360 |    163 |     23 |   1262 |   3 |  841.0 |
        Depths |   5157 |   4813 |    344 |    127 |   2777 |   5 | 1031.4 |
          Hell |    809 |    769 |     40 |    223 |    214 |   1 |  809.0 |
           Dis |   6418 |   5439 |    979 |     74 |   2291 |   7 |  916.9 |
           Zot |    514 |    501 |     13 |      0 |    244 |   2 |  257.0 |
         Abyss |   1606 |   1606 |      0 |      0 |    263 |   5 |  321.2 |
         Trove |     43 |     43 |      0 |      0 |      5 |   1 |   43.0 |
         Sewer |    969 |    969 |      0 |    114 |    552 |   1 |  969.0 |
        Bailey |    480 |    480 |      0 |     64 |    244 |   1 |  480.0 |
      Ice Cave |   1039 |   1039 |      0 |      0 |    824 |   1 | 1039.0 |
               +--------+--------+--------+--------+--------+-----+--------+

Top non-repeatable levels by time:
   Dis:7: 2785 daAuts
  Lair:2: 2735 daAuts
     D:9: 1867 daAuts
   Orc:2: 1864 daAuts
  Lair:1: 1856 daAuts
Spider:4: 1839 daAuts
     D:2: 1824 daAuts
  Lair:6: 1782 daAuts
 Swamp:3: 1727 daAuts
Vaults:4: 1668 daAuts
Vaults:3: 1621 daAuts
     D:7: 1523 daAuts
     D:8: 1515 daAuts
     D:1: 1448 daAuts
Vaults:2: 1424 daAuts
